 Seeded DCSS version 0.28-a0-724-g66f9036eb4 (webtiles) character file.

Game seed: 13619943984260783318 (custom seed)

11 flotson the Sneak (level 2, 24/24 HPs)
             Began as a Demonspawn Delver on Oct 27, 2021.
             Was a Follower of Dithmenos.
             Quit the game on level 1 of the Dungeon.
             The game lasted 00:01:50 (449 turns).

flotson the Sneak (Demonspawn Delver)                Turns: 449, Time: 00:01:50

Health: 24/24      AC:  5    Str: 12    XL:     2   Next: 17%
Magic:  2/2        EV: 10    Int: 11    God:    Dithmenos [*.....]
Gold:   58         SH:  0    Dex: 14    Spells: 1/1 levels left

rFire   . . .      SeeInvis .   a - +0 hand axe
rCold   . . .      Faith    .   (no shield)
rNeg    . . .      Spirit   .   h - +0 ring mail
rPois   .          Reflect  .   (no helmet)
rElec   .          Harm     .   (no cloak)
rCorr   .          Rampage  .   (no gloves)
Will    .....                   (no boots)
Stlth   ++........              b - amulet of magic regeneration
HPRegen 0.08/turn               (no ring)
MPRegen 0.41/turn               (no ring)

@: wreathed by umbra
A: magic regeneration
a: Renounce Religion


You were on level 1 of the Dungeon.
You worshipped Dithmenos.
Dithmenos was aware of your devotion.
You visited 1 branch of the dungeon, and saw 5 of its levels.

You collected 58 gold pieces.

Inventory:

Hand Weapons
 a - a +0 hand axe (weapon)
Armour
 h - a +0 ring mail (worn)
Jewellery
 b - an amulet of magic regeneration (around neck)
Wands
 g - a wand of digging (2)
Scrolls
 c - a scroll of fog
 d - 2 scrolls of magic mapping
 e - a scroll of acquirement
 i - a scroll of fear
 j - a scroll of blinking {unknown}
 k - a scroll of identify {unknown}
 l - a scroll of vulnerability {unknown}
Potions
 f - a potion of haste


   Skills:
 + Level 3.1 Fighting
 + Level 2.0 Axes
 + Level 0.5 Armour
 + Level 2.0 Dodging
 - Level 4.5 Stealth


You had one spell level left.
You didn't know any spells.
Your spell library contained the following spells:

 Spells                   Type           Power      Damage    Failure   Level
 Freeze                   Ice            0%         1d3       63%         1
 Frozen Ramparts          Ice            0%         1d2       94%         3
 Hailstorm                Conj/Ice       0%         3d3       100%        4


Dungeon Overview and Level Annotations

Branches:
Dungeon (5/15)
 Temple: D:4-7

Altars:
Dithmenos
Gozag

Annotations:
D:5 Sigmund


Innate Abilities, Weirdness & Mutations

You regenerate magic rapidly.


Message History

The endoplasm is severely wounded.
The endoplasm freezes you.
You are frozen.
You hit the endoplasm.
You kill the endoplasm!
No target in view!
No target in view!
No target in view!
No target in view!
No target in view!
l - a scroll labelled KOYV LEUSHRO You enter the shallow water.
Moving in this stuff is going to be slow.
You now have 53 gold pieces (gained 1).
You now have 54 gold pieces (gained 1).
You now have 55 gold pieces (gained 1).
You now have 56 gold pieces (gained 1).
There is a faded altar of an unknown god here.
You enter the shallow water.
Moving in this stuff is going to be slow.
You now have 57 gold pieces (gained 1).
You now have 58 gold pieces (gained 1).
There is a faded altar of an unknown god here.
You cannot tell which god this altar belongs to.
Convert to them anyway?
Okay, then.
Unknown command.
Press < or > to pray at altars.
You enter the shallow water.
Moving in this stuff is going to be slow.
There is a faded altar of an unknown god here.
You cannot tell which god this altar belongs to.
Convert to them anyway?
Dithmenos accepts your prayer! Dithmenos welcomes you!
You are shrouded in an aura of darkness!
This is a scroll of acquirement!
Unknown command.
Press < or > to pray at altars.
Unknown command.
Press < or > to pray at altars.
Are you sure you want to abandon this character and quit the game? (Confirm with "yes".)

#.#. ########## #.#.
#........# #...
#........##########...
#.....................
#....†....#########...
#........## #...
#...≈≈≈.## #...
#.#.≈@≈.# #...
###.≈≈≈.# #### #.....#
#######


There were no monsters in sight!

Vanquished Creatures
  A dart slug (D:1)
  A ball python (D:4)
  An endoplasm (D:1)
  A giant cockroach (D:1)
  A hobgoblin (D:4)
  A frilled lizard (D:1)
  3 kobolds
9 creatures vanquished.

Notes
Turn   | Place    | Note
-------+----------+-------------------------------------------
     0 | D:5      | flotson the Demonspawn Delver began the quest for the Orb.
     0 | D:5      | Reached XP level 1. HP: 18/18 MP: 1/1
    16 | D:5      | Noticed Sigmund
    35 | D:4      | Found an opulent altar of Gozag.
   385 | D:1      | Gained mutation: You regenerate magic rapidly. [demonic
                  | ancestry]
   385 | D:1      | Reached XP level 2. HP: 23/24 MP: 2/2
   418 | D:1      | Found a faded altar of an unknown god.
   448 | D:1      | Prayed at the altar of an unknown god.
   448 | D:1      | Became a worshipper of Dithmenos the Shadowed
   448 | D:1      | Reached * piety under Dithmenos
   449 | D:1      | Identified a scroll of acquirement
   449 | D:1      | Quit the game

Illustrated notes

Levels and vault maps discovered:
D:1:      dpeg_arrival_morbid_curiosity, layout_rooms,
          hellmonk_ecumenical_altar_pennies_from_heaven
D:2:      layout_basic, nrook_campfire, minmay_tetromino_s2
D:3:      layout_basic, evilmike_ruin_ashenzari,
          nicolae_ru_the_path_less_chosen, grunt_decor_mini_mirrors
D:4:      layout_basic, nicolae_overflow_hidden_temple, uniq_edmund
D:5:      cheibrodos_fertilizer, layout_rooms, uniq_sigmund, uniq_duvessa,
          uniq_eustachio, uniq_crazy_yiuf_cottage

Skill      XL: |  1 |
---------------+----+-----
Axes           | 2 |  2.0
Dodging        | 2 |  2.0
Fighting       | |  3.1
Armour         | |  0.5
Stealth        | |  4.5

Action                   || total
-------------------------++-------
Melee: Hand axe          ||    30
Evoke: Wand              ||     1
  Use: Scroll            ||     1
 Stab: Sleeping          ||     2
Armor: Leather armour    ||     3
       Ring mail         ||     3
Dodge: Dodged            ||    21

Table legend: (Time is in decaauts)
 A = Elapsed time spent in this place.
 B = Non-inter-level travel time spent in this place.
 C = Inter-level travel time spent in this place.
 D = Time resting spent in this place.
 E = Time spent auto-exploring this place.
 F = Levels seen in this place.
 G = Mean time per level.
                   A        B        C        D        E       F      G
               +--------+--------+--------+--------+--------+-----+--------+
         Total |    458 |    438 |     20 |     94 |    181 |   5 |   91.6 |
       Dungeon |    458 |    438 |     20 |     94 |    181 |   5 |   91.6 |
               +--------+--------+--------+--------+--------+-----+--------+

Top non-repeatable levels by time:
     D:4: 261 daAuts
     D:1: 80 daAuts
     D:3: 67 daAuts
     D:5: 32 daAuts
     D:2: 16 daAuts
